 Dungeon Crawl Stone Soup version 0.26-a0-966-gd078a86f14 (webtiles) character file.

Game seed: 15758151599046300168

9 marklar909 the Sneak (level 2, 0/29 HPs)
             Began as a Troll Delver on Dec 4, 2020.
             Slain by a gnoll (6 damage)
             ... on level 3 of the Dungeon.
             The game lasted 00:00:15 (125 turns).

marklar909 the Sneak (Troll Delver)                  Turns: 125, Time: 00:00:16

Health: 0/29       AC:  6    Str: 19    XL:     2   Next: 6%
Magic:  1/1        EV: 10    Int:  6    God:
Gold:   15         SH:  0    Dex: 11    Spells: 1/1 levels left

rFire    . . .     SeeInvis .     - Unarmed
rCold    . . .     Faith    .   (no shield)
rNeg     . . .     Spirit   .   a - +0 robe
rPois    .         Reflect  .   (helmet restricted)
rElec    .         Harm     .   (no cloak)
rCorr    .         Rampage  .   (gloves unavailable)
MR       .....                  (boots unavailable)
Stlth    ++........             (no amulet)
HPRegen  0.49/turn              (no ring)
MPRegen  0.07/turn              (no ring)

@: no status effects
A: large, unfitting armour, claws 3, regeneration 1, shaggy fur 1, tough skin 3
a: no special abilities


You were on level 3 of the Dungeon.
You visited 1 branch of the dungeon, and saw 3 of its levels.

You collected 15 gold pieces.

Inventory:

Armour
 a - a +0 robe (worn)
Wands
 f - a wand of digging (3)
Scrolls
 b - a scroll of fog
 c - a scroll of magic mapping
 d - a scroll of fear
Potions
 e - a potion of haste


   Skills:
 + Level 2.5 Fighting
 + Level 1.6 Dodging
 + Level 3.0 Stealth
 + Level 2.0 Unarmed Combat


You had one spell level left.
You didn't know any spells.
Your spell library was empty.

Dungeon Overview and Level Annotations

Branches:
Dungeon (5/15)
 Temple: D:4-7

Altars:
Hepliaklqana


Innate Abilities, Weirdness & Mutations

You are too large for most types of armour.
You have claws for hands.
Your natural rate of healing is unusually fast.
You are covered in fur. (AC +1)
You have extremely tough skin. (AC +3)


Message History

You hear the sound of rushing water.
There is an entrance to a sewer on this level.
Hurry and find it before the portal rusts away!
There is a stone staircase leading down here.
You scratch the adder.
The adder is lightly wounded.
The adder bites you. The gnoll hits you.
You claw the adder!
The adder is almost dead.
You hear the slow rusting of a distant drain.
The adder closely misses you. The gnoll hits you.
You barely miss the adder.
The adder is almost dead.
The adder barely misses you. The gnoll hits you.
* * * LOW HITPOINT WARNING * * *
The adder bites you.
* * * LOW HITPOINT WARNING * * *
You scratch the adder.
You kill the adder!
The gnoll hits you.
You die...

### ## ###8###8###
###8...8...8##.
########)........##.
..?...#@†........_#[
########g........###
###8...8...8###
###8###8### ### ##


You could see a gnoll.

Vanquished Creatures
  A gnoll (D:3)
  An adder (D:3)
2 creatures vanquished.

Notes
Turn   | Place    | Note
-------+----------+-------------------------------------------
     0 | D:5      | marklar909 the Troll Delver began the quest for the Orb.
     0 | D:5      | Reached XP level 1. HP: 22/22 MP: 0/0
    67 | D:4      | Noticed a gnoll shaman
    79 | D:3      | Reached skill level 3 in Stealth
    79 | D:3      | Reached XP level 2. HP: 16/29 MP: 1/1
    80 | D:3      | Found a hazy altar of Hepliaklqana.
   125 | D:3      | Slain by a gnoll

Illustrated notes

Levels and vault maps discovered:
D:3:      layout_basic, nicolae_overflow_hidden_temple,
          lightli_sewer_entry_pipes, uniq_terence, uniq_ijyb
D:4:      layout_cave_pools
D:5:      layout_loops_corners, lemuel_zombie_altar_yredelemnul,
          xom_teletrap_fun, bloody_makhleb, temple_fountains,
          uniq_prince_ribbit1

Skill      XL: |  1 |
---------------+----+-----
Stealth        | 3 |  3.0
Fighting       | |  2.5
Dodging        | |  1.6
Unarmed Combat | |  2.0

Action                   || total
-------------------------++-------
Melee: Unarmed           ||     7
Armor: Robe              ||     1
Dodge: Dodged            ||     7

Table legend: (Time is in decaauts)
 A = Elapsed time spent in this place.
 B = Non-inter-level travel time spent in this place.
 C = Inter-level travel time spent in this place.
 D = Time resting spent in this place.
 E = Time spent auto-exploring this place.
 F = Levels seen in this place.
 G = Mean time per level.
                   A        B        C        D        E       F      G
               +--------+--------+--------+--------+--------+-----+--------+
         Total |    125 |    109 |     16 |     25 |     42 |   3 |   41.7 |
       Dungeon |    125 |    109 |     16 |     25 |     42 |   3 |   41.7 |
               +--------+--------+--------+--------+--------+-----+--------+

Top non-repeatable levels by time:
     D:5: 67 daAuts
     D:3: 49 daAuts
     D:4: 9 daAuts
